 Dungeon Crawl Stone Soup version 0.29.1-12-g30fa7ad0bf (webtiles) character file.

Game seed: 6842098859952939505

254 croobank the Conjurer (level 5, -1/40 HPs)
             Began as a Demonspawn Conjurer on Dec 29, 2022.
             Slain by a sky beast (6 damage)
             ... on level 4 of the Dungeon.
             The game lasted 00:15:04 (4049 turns).

croobank the Conjurer (Demonspawn Conjurer)         Turns: 4049, Time: 00:15:05

Health: -1/40      AC:  3    Str:  7    XL:     5   Next: 90%
Magic:  0/9        EV: 12    Int: 23    God:
Gold:   216        SH:  0    Dex: 12    Spells: 7/10 levels left

rFire   . . .      SeeInvis .   c - +1 short sword (drain)
rCold   . . .      Faith    .   (no shield)
rNeg    . . .      Spirit   .   a - +0 robe
rPois   .          Reflect  .   (helmet restricted)
rElec   .          Harm     .   (no cloak)
rCorr   .          Rampage  .   (no gloves)
Will    .....                   j - +0 pair of boots
Stlth   ++........              (no amulet)
HPRegen 0.13/turn               (no ring)
MPRegen 0.11/turn               (no ring)

@: brilliant
A: powered by death 2, big brain 1, antennae 1, subdued magic 1
a: no special abilities


You were on level 4 of the Dungeon.
You visited 1 branch of the dungeon, and saw 4 of its levels.

You collected 216 gold pieces.

Inventory:

Hand Weapons
 c - a +1 short sword of draining (weapon)
 d - a +0 sling
 n - a +0 short sword of flaming
Armour
 a - a +0 robe (worn)
 j - a +0 pair of boots (worn)
Jewellery
 p - a ring of protection from cold
 s - a ring of resist corrosion
Wands
 m - a wand of polymorph (6)
Scrolls
 b - a scroll of poison {unknown}
 f - 4 scrolls of identify {unknown}
 g - a scroll of magic mapping {unknown}
 k - a scroll of enchant weapon {unknown}
 l - a scroll of teleportation {unknown}
Potions
 e - a potion of brilliance
 h - a potion of curing
 o - a potion of resistance {unknown}
 q - a potion of berserk rage {unknown}
 r - a potion of lignification {unknown}


   Skills:
 * Level 2.8 Fighting
 + Level 2.9 Dodging
 + Level 2.9 Stealth
 + Level 3.0 Spellcasting
 + Level 4.7 Conjurations


You had 7 spell levels left.
You knew the following spells:

 Your Spells              Type           Power      Damage    Failure   Level
a - Magic Dart            Conj           100%       1d8       1%          1
b - Searing Ray           Conj           58%        2d6       1%          2

Your spell library contained the following spells:

 Spells                   Type           Power      Damage    Failure   Level
 Dazzling Flash           Conj/Hex       32%        N/A       11%         3
 Portal Projectile        Hex/Tloc       6%         N/A       30%         3
 Tukima's Dance           Hex            3%         N/A       30%         3
 Fulminant Prism          Conj/Hex       8%         3d7       36%         4
 Iskenderun's Mystic Bla  Conj/Tloc      16%        2d5       36%         4
 Olgreb's Toxic Radiance  Pois           3%         N/A       71%         4
 Blade Hands              Tmut           1%         N/A       96%         5
 Ozocubu's Refrigeration  Ice            1%         4d7       100%        7
 Ignition                 Fire           1%         3d3       100%        8


Dungeon Overview and Level Annotations

Branches:
Dungeon (4/15)
 Temple: D:4-7

Altars:
Fedhas

Shops:
D:3 *   D:4 *


Innate Abilities, Weirdness & Mutations

You regenerate health from kills.
You have an unusually large brain. (Int +2)
You have a pair of small antennae on your head.
Your spells are a little easier to cast, but a little less powerful.


Message History

The wight is almost destroyed.
The sky beast hits you. The sky beast shocks you.
Your Spellcasting skill increases to level 3!
The searing ray hits the sky beast.
The sky beast is severely wounded.
The searing ray misses the wight.
You finish channelling your searing ray.
The sky beast barely misses you.
Okay, then.
Okay, then.
You closely miss the sky beast.
The sky beast is severely wounded.
The sky beast hits you. The sky beast shocks you.
* * * LOW HITPOINT WARNING * * *
You hit the sky beast.
The sky beast is almost dead.
The sky beast hits you but does no damage.
It was a potion of brilliance.
You feel clever all of a sudden. The sky beast hits you.
* * * LOW HITPOINT WARNING * * *
The sky beast shocks you.
* * * LOW HITPOINT WARNING * * *
Okay, then.
Sorry, you're not good enough to have a special ability.
Casting: Searing Ray (safe; 2% risk of failure)
Confirm with . or Enter, or press ? or * to list all spells.
You don't have enough magic to cast this spell.
It was a potion of curing.
You feel better.
The sky beast flickers out of sight!
Deactivating autopickup; reactivate with Ctrl-A.
Something hits you. Something shocks you.
* * * LOW HITPOINT WARNING * * *
Okay, then.
It was a potion of mutation.
You feel extremely strange.
Your connection to magic feels subdued.
A pair of antennae grows on your head! Something hits you.
* * * LOW HITPOINT WARNING * * *
Something shocks you.
You die...

#...## .# #.##.#
#..###.# ##.#
....Y.#...#.#
#..# .....
##†...##### #.##
.... #.........
#.# ...
##.#..#### #.# ..
#z#..# #.# .
#{#..# #.#
##@#..# #.#
##..#..# #.#
..####..##..# #.#
.........[..# #.#
....######.)# #.#
...>######..# #.#
..
.........########
#.#
.#######.#......#
#.# #.#.####.#
#.#


You could see a wight.

Vanquished Creatures
  A hound (D:4)
  A gnoll bouda (D:3)
  An iguana (D:4)
  6 gnolls
  4 adders
  A dart slug (D:3)
  4 orcs (D:4)
  7 endoplasms
  6 hobgoblins
  7 jackals
  8 kobolds
  2 quokkas (D:2)
  5 ball pythons
  4 bats
  4 frilled lizards
  7 goblins
  7 rats
75 creatures vanquished.

Vanquished Creatures (others)
  4 plants (D:3)
4 creatures vanquished.

Grand Total: 79 creatures vanquished

Notes
Turn   | Place    | Note
-------+----------+-------------------------------------------
     0 | D:1      | croobank the Demonspawn Conjurer began the quest for the
                  | Orb.
     0 | D:1      | Reached XP level 1. HP: 13/13 MP: 3/3
   569 | D:1      | Gained mutation: You regenerate a little health from kills.
                  | [demonic ancestry]
   569 | D:1      | Reached XP level 2. HP: 19/19 MP: 1/5
   573 | D:1      | Learned a level 2 spell: Searing Ray
  1593 | D:2      | Gained mutation: You have an unusually large brain. (Int
                  | +2) [demonic ancestry]
  1593 | D:2      | Reached XP level 3. HP: 25/25 MP: 2/6
  1921 | D:2      | Reached skill level 1 in Fighting
  2242 | D:2      | Found a faded altar of an unknown god.
  2357 | D:2      | Reached XP level 4. HP: 32/32 MP: 4/7
  3065 | D:3      | Found Etem's Assorted Antiques.
  3109 | D:3      | Gained mutation: You regenerate health from kills. [demonic
                  | ancestry]
  3109 | D:3      | Reached XP level 5. HP: 38/38 MP: 1/9
  3113 | D:4      | Found Eweifuf's Lightly-Used Armoury.
  3548 | D:3      | Found a blossoming altar of Fedhas.
  4025 | D:4      | Noticed a sky beast
  4049 | D:4      | Gained mutation: Your spells are a little easier to cast,
                  | but a little less powerful. [potion of mutation]
  4049 | D:4      | Gained mutation: You have a pair of small antennae on your
                  | head. [potion of mutation]
  4049 | D:4      | Slain by a sky beast

Illustrated notes

Levels and vault maps discovered:
D:1:      dpeg_arrival_short_road, layout_basic, minmay_quantized
D:2:      minmay_skewed_foursquare, layout_basic,
          ebering_ecumenical_altar_petrified, roderic_roman_lattice,
          minivault_5, minmay_split_cup_small
D:3:      layout_basic, mainiacjoe_overflow_alcove_1, serial_shops,
          nicolae_square_shop, nicolae_grassy_gnolls
D:4:      layout_basic, gammafunk_ghost_grave, amethyst_killhole,
          minmay_shop_damaged, minmay_manual_moon

Skill      XL: |  1  2  3  4  5 |
---------------+----------------+-----
Stealth        | 2 |  2.9
Dodging        | 2 |  2.9
Fighting       | 1 2 |  2.8
Spellcasting   | 3 |  3.0
Conjurations   | |  4.7

Action                   |  1- 3 |  4- 6 || total
-------------------------+-------+-------++-------
Melee: Short sword       |    26 |    12 ||    38
 Cast: Magic Dart        |    65 |    17 ||    82
       Searing Ray       |     7 |    15 ||    22
  Use: Potion            |       |     4 ||     4
Armor: Robe              |     6 |     6 ||    12
Dodge: Dodged            |    26 |    14 ||    40
